[Event "Titled Tuesday Blitz December 06 Late 2022"]
[White "Yi, Richard"]
[Black "Zeman, Matyas"]
[WhiteFideId "2079518"]
[BlackFideId "364398"]
[WhiteElo "2147"]
[BlackElo "2254"]
[Result "1-0"]
[Round "02"]
[TimeControl "180+1"]
[Date "2022.12.07"]
[WhiteClock "0:00:02"]
[BlackClock "0:00:03"]

1. d4 Nf6 2. c4 e6 3. Nc3 d5 4. Nf3 c6 5. e3 Nbd7 6. Qc2 Bd6 7. Be2 O-O 8. O-O b6 9. e4 dxe4 10. Nxe4 Nxe4 11. Qxe4 Bb7 12. Bd3 Nf6 13. Qe2 c5 14. dxc5 Bxc5 15. b3 Qc7 16. Bb2 Ng4 17. Bxh7+ Kh8 18. Be4 Bxe4 19. Qxe4 f5 20. Qxe6 Rae8 21. Qg6 Re2 22. Qh5+ Kg8 23. Bd4 Re6 24. Bxc5 Rh6 25. Qxh6 Nxh6 26. Bxf8 Kxf8 27. Rad1 Nf7 28. Rd5 g6 29. Rfd1 Qe7 30. Nd4 Qe4 31. Nf3 g5 32. R5d4 Qc2 33. R4d2 Qe4 34. Re1 Qc6 35. Nd4 Qf6 36. Ne6+ Kg8 37. g3 g4 38. Rd7 Ne5 39. Rd8+ Kh7 40. Nf8+ Kh6 41. Re8 Nf3+ 42. Kf1 Nxe1 43. Re6 Qxe6 44. Nxe6 Nf3 45. Kg2 Kg6 46. Nf8+ Kf7 47. Nd7 Ke6 48. Nb8 Ne1+ 49. Kf1 Nd3 50. Ke2 Nc1+ 51. Kd2 Nxa2 52. Nc6 a5 53. Kc2 f4 54. gxf4 Kf5 55. Kd3 Kxf4 56. Ke2 Nc3+ 57. Kf1 Ne4 58. Ke1 Kf3 59. Ne7 Nxf2 60. Nd5 Nd3+ 61. Kd2 Nc5 62. Kc3 Kg2 63. Ne3+ Kf3 64. Nd5 Ne4+ 65. Kd4 Nd2 66. Kc3 Ne4+ 67. Kc2 Kg2 68. Nxb6 Kxh2 69. Nd5 g3 70. Nf4 Nc5 71. Kb2 Kg1 72. Kc3 Kf2 73. Nh3+ Kf3 74. b4 Ne4+ 75. Kb3 Nd2+ 76. Kc3 Ne4+ 77. Kb3 Kg4 78. Ng1 g2 79. bxa5 Kg3 80. a6 Kf2 81. a7 Nd2+ 82. Kc2 Kxg1 83. a8=Q Nf3 84. Qxf3 Kh2 85. Qe3 Kh1 86. Qf2 g1=Q 87. Qxg1+ 1-0


[Site "https://www.chess.com"]

[Event "Titled Tuesday Blitz December 06 Late 2022"]
[White "Yurasova, Daria"]
[Black "Seletsky, Grigory"]
[WhiteFideId "34146919"]
[BlackFideId "14112191"]
[WhiteElo "2098"]
[BlackElo "2492"]
[Result "0-1"]
[Round "02"]
[TimeControl "180+1"]
[Date "2022.12.07"]
[WhiteClock "0:00:16"]
[BlackClock "0:00:33"]

1. d4 d6 2. Nf3 Nd7 3. c4 Ngf6 4. Nc3 e5 5. dxe5 dxe5 6. e3 Be7 7. Be2 O-O 8. O-O c6 9. b3 Qc7 10. Bb2 Re8 11. Qc2 a5 12. a3 Bf8 13. Rfd1 h6 14. Nd2 Nc5 15. Nde4 Nfxe4 16. Nxe4 f5 17. Nxc5 Bxc5 18. Bc3 a4 19. b4 Bf8 20. c5 Be6 21. Qb2 Bb3 22. Rd2 e4 23. Bd1 Bxd1 24. Raxd1 Rad8 25. g3 Qc8 26. Rd4 Rxd4 27. Bxd4 Qe6 28. Qc2 Ra8 29. Rb1 Be7 30. b5 Bf6 31. Bxf6 Qxf6 32. bxc6 bxc6 33. Rb7 Qa1+ 34. Kg2 Qxa3 35. Qc4+ Kh8 36. Qd4 Rg8 37. Ra7 Qb3 38. Rxa4 Qd5 39. Qc3 Rd8 40. Ra7 Rd7 41. Rxd7 Qxd7 42. Qe5 Kh7 43. Qd6 Qc8 44. h4 h5 45. f3 exf3+ 46. Kxf3 Qe8 47. Qd4 g6 48. e4 fxe4+ 49. Qxe4 Qf7+ 50. Kg2 Qd7 51. Qe3 Kg7 52. Qe5+ Kf7 53. Qf4+ Ke8 54. Qb8+ Kf7 55. Qf4+ Kg7 56. Kf2 Qd5 57. Ke3 Qxc5+ 58. Kf3 Qd5+ 59. Kf2 Qf7 60. Qxf7+ Kxf7 61. Ke3 Kf6 62. Kd4 Kf5 63. Kc5 Kg4 64. Kxc6 Kxg3 65. Kd5 0-1


[Site "https://www.chess.com"]

[Event "Titled Tuesday Blitz December 06 Late 2022"]
[White "Zhigalko, Sergei"]
[Black "Domingo Nunez, Ruben"]
[WhiteFideId "13502956"]
[BlackFideId "22245570"]
[WhiteElo "2662"]
[BlackElo "2406"]
[Result "1-0"]
[Round "02"]
[TimeControl "180+1"]
[Date "2022.12.06"]
[WhiteClock "0:00:05"]
[BlackClock "0:00:05"]

1. e4 c6 2. d4 d5 3. e5 g6 4. Nf3 Bg7 5. Bd3 Bg4 6. Nbd2 f6 7. h3 Be6 8. O-O Nh6 9. Re1 Qd7 10. Nb3 b6 11. Qe2 f5 12. a4 a5 13. Ng5 Nf7 14. Nxe6 Qxe6 15. c4 O-O 16. Nd2 Ng5 17. Nb1 Ne4 18. f3 Ng3 19. Qf2 dxc4 20. Bc2 f4 21. Nc3 Na6 22. Ne4 Nb4 23. Bb1 Rad8 24. Ra3 Nf5 25. Bxf4 Nxd4 26. Ng5 Qc8 27. Be3 Bxe5 28. Nxh7 Nf5 29. Nxf8 Bg3 30. Nxg6 Bxf2+ 31. Bxf2 Nd3 32. Rxe7 Nxf2 33. Kxf2 Rd2+ 34. Ke1 Qd8 35. Bxf5 Rd1+ 36. Kf2 Qd4+ 37. Rae3 Qd2+ 38. Kg3 Qd6+ 39. f4 Rd3 40. Be6+ Qxe6 41. Rxe6 Kf7 42. Rxd3 1-0


[Site "https://www.chess.com"]

[Event "Titled Tuesday Blitz December 06 Late 2022"]
[White "Zhu, Jiner"]
[Black "Slovineanu"]
[WhiteFideId "8608059"]
[WhiteElo "2384"]
[BlackElo "2273"]
[Result "0-1"]
[Round "02"]
[TimeControl "180+1"]
[Date "2022.12.07"]
[WhiteClock "0:00:34"]
[BlackClock "0:00:56"]

1. d4 Nf6 2. c4 e6 3. Nf3 d5 4. Nc3 c5 5. cxd5 cxd4 6. Qxd4 exd5 7. e3 g6 8. Nxd5 Qxd5 9. Qxf6 Bb4+ 10. Bd2 Bxd2+ 11. Nxd2 O-O 12. Bc4 Qa5 13. O-O-O Nd7 14. Qc3 Qxc3+ 15. bxc3 Ne5 16. Bb3 Nd3+ 17. Kc2 Nxf2 18. Rhf1 Nxd1 19. Rxd1 Be6 20. Nf3 Rfd8 21. Nd4 Bd5 22. g3 a6 23. Rf1 Rac8 24. Rf6 b5 25. Rxa6 b4 26. Nb5 bxc3 27. Nxc3 Be4+ 28. Kb2 Rd2+ 29. Kc1 Rd3 0-1


[Site "https://www.chess.com"]

[Event "Titled Tuesday Blitz December 06 Late 2022"]
[White "Zierk, Steven"]
[Black "Mendez Fortes, Eduardo Jesus"]
[WhiteFideId "2034255"]
[BlackFideId "3502376"]
[WhiteElo "2494"]
[BlackElo "2307"]
[Result "1-0"]
[Round "02"]
[TimeControl "180+1"]
[Date "2022.12.06"]
[WhiteClock "0:00:10"]
[BlackClock "0:00:15"]

1. e4 e5 2. Nf3 Nc6 3. Bb5 Nf6 4. d3 Bc5 5. O-O d6 6. c3 O-O 7. h3 Bb6 8. Re1 Ne7 9. Nbd2 Ng6 10. a4 c6 11. Bc4 d5 12. Bb3 Bc7 13. Qc2 Kh8 14. Nf1 h6 15. Ng3 Be6 16. Be3 Bd6 17. Rad1 c5 18. exd5 Nxd5 19. Ne4 Rc8 20. Bc1 Bb8 21. Bc4 f5 22. Ng3 Qf6 23. Qb3 Ndf4 24. Bxe6 Nxe6 25. Qxb7 Nef4 26. Qb5 a6 27. Qc4 Kh7 28. a5 Rce8 29. Qxc5 Nh4 30. Nxh4 Qxh4 31. Qc6 e4 32. dxe4 Nxh3+ 33. gxh3 Bxg3 34. Re2 Bb8 35. e5 Qxh3 36. Qg2 Qh5 37. Rde1 f4 38. Qe4+ Kh8 39. Bxf4 Re6 40. Bg3 Rg6 41. Re3 Re8 42. Qf3 Qh3 43. e6 Bxg3 44. fxg3 Rf6 45. Qg2 Qg4 46. e7 Rf7 47. Qc6 Rexe7 48. Rxe7 Qxg3+ 49. Qg2 Qf4 50. Rxf7 Qxf7 51. Qa8+ Kh7 52. Qe4+ g6 53. Qe7 Kg8 54. Qxf7+ Kxf7 55. Rd1 Ke7 56. Rd4 g5 57. Rb4 Kd6 58. Rb6+ Ke5 59. Rxa6 Kf4 60. Rb6 h5 61. a6 Kg3 62. a7 h4 63. a8=Q h3 64. Qb8+ 1-0


[Site "https://www.chess.com"]

[Event "Titled Tuesday Blitz December 06 Late 2022"]
[White "Al-Tarboush, Ward"]
[Black "Radovanovic, Dusan"]
[WhiteFideId "7601450"]
[BlackFideId "926868"]
[WhiteElo "2263"]
[BlackElo "2337"]
[Result "1/2-1/2"]
[Round "03"]
[TimeControl "180+1"]
[Date "2022.12.07"]
[WhiteClock "0:01:06"]
[BlackClock "0:00:15"]

1. e4 c5 2. Nf3 d6 3. d4 cxd4 4. Nxd4 Nf6 5. Nc3 g6 6. Be2 Bg7 7. O-O O-O 8. Be3 Nc6 9. h3 d5 10. exd5 Nxd5 11. Nxd5 Qxd5 12. Bf3 Qc4 13. Nxc6 bxc6 14. c3 Be6 15. Qc2 a5 16. Qe4 Rab8 17. Rfb1 Qxe4 18. Bxe4 Bd5 19. Bd3 a4 20. Bc2 a3 21. bxa3 Bxc3 22. Rxb8 Rxb8 23. Rb1 Rb2 24. Rxb2 Bxb2 25. a4 Bxa2 26. Bd3 Bc3 27. Bb6 c5 28. Bxc5 e6 29. Bb6 Bd5 30. a5 f5 31. Bb5 Kf7 32. Bd7 Bb7 33. Bb5 Ke7 34. a6 Bd5 35. g4 Bb4 36. Kf1 Kd6 37. Ke2 Bc5 38. Ba5 Ba7 39. f4 fxg4 40. hxg4 h5 41. gxh5 gxh5 42. Bd8 e5 43. Bh4 exf4 44. Bd3 f3+ 45. Kf1 Ke5 46. Bg3+ Kd4 47. Bg6 Kc3 48. Ke1 Kb4 49. Bf2 Bxf2+ 50. Kxf2 Kb5 51. a7 Kb6 52. Bf7 Bb7 53. Bxh5 Kxa7 54. Bxf3 1/2-1/2


[Site "https://www.chess.com"]

[Event "Titled Tuesday Blitz December 06 Late 2022"]
[White "Alexikov, Alexander"]
[Black "Aghasiyev, Kamal"]
[WhiteFideId "14103958"]
[BlackFideId "13402854"]
[WhiteElo "2222"]
[BlackElo "2341"]
[Result "0-1"]
[Round "03"]
[TimeControl "180+1"]
[Date "2022.12.07"]
[WhiteClock "0:00:05"]
[BlackClock "0:00:02"]

1. e4 e5 2. Nf3 Nc6 3. c3 d5 4. Qa4 dxe4 5. Nxe5 Qd5 6. Nxc6 bxc6 7. Bc4 Qd6 8. O-O Nf6 9. d3 exd3 10. Bf4 Qc5 11. Nd2 Bd6 12. Rfe1+ Kf8 13. Nb3 Qb6 14. Be3 c5 15. Rad1 Bd7 16. Qa3 h5 17. Bxc5 Bxc5 18. Qxc5+ Qxc5 19. Nxc5 Bc6 20. Rxd3 Rh6 21. f3 h4 22. Kf2 a5 23. a4 Rb8 24. b3 Rh5 25. Na6 Rc8 26. Red1 g6 27. Rd8+ Rxd8 28. Rxd8+ Kg7 29. Nxc7 Rc5 30. Nb5 Bd5 31. Bxd5 Nxd5 32. c4 Nf4 33. g3 hxg3+ 34. hxg3 Ne6 35. Rd7 Rh5 36. Kg2 Re5 37. Kf2 Rh5 38. Ke3 Rh2 39. Nd6 Rb2 40. Rxf7+ Kg8 41. Rb7 Nc5 42. Rb5 Nxb3 43. Ne4 Rb1 44. Nc3 Re1+ 45. Kf4 Nd2 46. Rxa5 Nxc4 47. Rc5 Nd6 48. Ne4 Nf7 49. a5 Ra1 50. Rb5 Kg7 51. g4 Kf8 52. g5 Ra4 53. Rc5 Ke7 54. Rd5 Ke6 55. Rb5 Ke7 56. Rb7+ Kf8 57. Ra7 Nd6 58. Ke5 Nc4+ 59. Kf6 Rxa5 60. Rc7 Ra6+ 0-1


[Site "https://www.chess.com"]

[Event "Titled Tuesday Blitz December 06 Late 2022"]
[White "Ambartsumova, Karina"]
[Black "Miszler, Levente"]
[WhiteFideId "4166299"]
[BlackFideId "763276"]
[WhiteElo "2319"]
[BlackElo "2176"]
[Result "1-0"]
[Round "03"]
[TimeControl "180+1"]
[Date "2022.12.07"]
[WhiteClock "0:00:09"]
[BlackClock "0:00:32"]

1. Nf3 Nf6 2. c4 c5 3. Nc3 Nc6 4. d4 cxd4 5. Nxd4 g6 6. Nc2 Bg7 7. e4 O-O 8. Be2 d6 9. O-O Bd7 10. Be3 Rc8 11. Qd2 a6 12. Rac1 Ne5 13. b3 Neg4 14. Bd4 Bh6 15. f4 e5 16. Be3 Nxe3 17. Qxe3 Bxf4 18. Rxf4 exf4 19. Qxf4 Bc6 20. Rf1 Kg7 21. Nd4 Re8 22. Bd3 Qe7 23. Qg5 Qe5 24. Nf5+ Kh8 25. Ne2 gxf5 26. Rxf5 Nxe4 27. Bxe4 Qa1+ 28. Rf1 Qxf1+ 29. Kxf1 Bxe4 30. Qf6+ Kg8 31. Nf4 Bg6 32. h4 Re5 33. g4 h5 34. Nxg6 fxg6 35. Qxg6+ Kf8 36. Qxd6+ Re7 37. Qh6+ Kg8 38. Qg6+ Kf8 39. Qxh5 Rc6 40. Qh8+ Kf7 41. h5 Rf6+ 42. Kg2 Re2+ 43. Kg3 Re3+ 44. Kh4 Re7 45. h6 Ree6 46. Qg7+ Ke8 47. h7 Rh6+ 48. Kg5 Kd8 49. h8=Q+ 1-0


[Site "https://www.chess.com"]

[Event "Titled Tuesday Blitz December 06 Late 2022"]
[White "Ankerst, Mihael"]
[Black "Potapova, Margarita"]
[WhiteFideId "14602369"]
[BlackFideId "14126869"]
[WhiteElo "2366"]
[BlackElo "2273"]
[Result "1/2-1/2"]
[Round "03"]
[TimeControl "180+1"]
[Date "2022.12.07"]
[WhiteClock "0:00:11"]
[BlackClock "0:00:18"]

1. e4 e5 2. Nf3 Nc6 3. Nc3 Nf6 4. d4 exd4 5. Nxd4 Bb4 6. Nxc6 bxc6 7. Bd3 d5 8. exd5 O-O 9. O-O Bg4 10. f3 Bh5 11. Bg5 Qd6 12. Kh1 Bxc3 13. bxc3 Nxd5 14. Qd2 Bg6 15. Rab1 Qa3 16. c4 Nb6 17. Rfe1 Qxa2 18. Qc3 Bxd3 19. cxd3 Qa6 20. Re7 Qb7 21. Bf4 Rac8 22. Rbe1 c5 23. Qe5 Qc6 24. Rxc7 Rxc7 25. Qxc7 Qxc7 26. Bxc7 Rc8 27. Bd6 f6 28. h4 Rd8 29. Bxc5 Rxd3 30. Re8+ Kf7 31. Re7+ Kg6 32. Rxa7 Nxc4 33. Bf8 Kf5 34. Rxg7 h5 35. Rh7 Kg6 36. Rh6+ Kf7 37. Bb4 Rd5 38. Kh2 Ne3 39. Rh7+ Kg6 40. Re7 Nf5 41. Re4 Rd4 42. Rxd4 Nxd4 43. Be1 Kf5 44. Kg3 Ne2+ 45. Kf2 Nf4 46. g3 Nd3+ 47. Ke2 Ne5 48. Ke3 Nc4+ 49. Kf2 Ne5 50. Bc3 Nd3+ 51. Ke3 Nc5 52. Bd4 Ne6 53. Bc3 Nc7 54. Bd2 Nd5+ 55. Kd4 Ne7 56. Bc3 Nc6+ 57. Ke3 Ne7 58. Bb2 Nd5+ 59. Kd4 Nb4 60. Bc3 Nc6+ 61. Kd3 Ne7 62. Ke2 Nd5 63. Bd2 Ne7 64. Be3 Ng6 65. Kf2 Ne5 66. Bd4 Nc4 67. Kg2 Nd6 68. Kh3 Nf7 69. Bc3 Nd6 70. Bb2 Nf7 71. Ba3 Ne5 72. Kg2 Nc4 73. Bc5 Na5 74. Bd6 Nc4 75. Bc7 Ne3+ 76. Kh3 Nd5 77. g4+ hxg4+ 78. fxg4+ Kg6 79. Bd6 f5 80. h5+ Kh6 81. Bf8+ Kg5 82. h6 fxg4+ 83. Kg3 Kg6 84. Kxg4 Nf6+ 85. Kf4 Ng8 86. Kg3 Nxh6 1/2-1/2


[Site "https://www.chess.com"]

[Event "Titled Tuesday Blitz December 06 Late 2022"]
[White "Ansh M Shah"]
[Black "Godzwon, Iwo"]
[WhiteFideId "25033379"]
[BlackFideId "21802483"]
[WhiteElo "2084"]
[BlackElo "2284"]
[Result "0-1"]
[Round "03"]
[TimeControl "180+1"]
[Date "2022.12.07"]
[WhiteClock "0:01:44"]
[BlackClock "0:02:09"]

1. d4 Nf6 2. c4 e6 3. g3 c5 4. d5 exd5 5. cxd5 b5 6. a4 bxa4 7. Bg2 d6 8. Qxa4+ Nbd7 9. Qc2 g6 10. Nc3 Bg7 11. Nf3 O-O 12. O-O Re8 13. Bf4 Nb6 14. Rfd1 Bf5 15. Qc1 Ne4 16. Nh4 Nxc3 17. bxc3 Be4 18. Bxe4 Rxe4 19. Nf3 Rxe2 20. Bh6 Qf6 21. Ra6 Qxf3 0-1


[Site "https://www.chess.com"]

[Event "Titled Tuesday Blitz December 06 Late 2022"]
[White "Arbunic Castro, Giovanna"]
[Black "Sanchez, Robert"]
[WhiteFideId "3400549"]
[BlackFideId "2034360"]
[WhiteElo "1920"]
[BlackElo "2354"]
[Result "1-0"]
[Round "03"]
[TimeControl "180+1"]
[Date "2022.12.07"]
[WhiteClock "0:00:15"]
[BlackClock "0:00:14"]

1. e4 e6 2. d4 d5 3. exd5 exd5 4. Nf3 Nf6 5. c4 Bb4+ 6. Nc3 O-O 7. Be2 dxc4 8. O-O Bg4 9. h3 Bh5 10. g4 Bg6 11. Bxc4 Nc6 12. Re1 Re8 13. Rxe8+ Nxe8 14. Bg5 Qd7 15. Nd5 Bd6 16. Qe2 h6 17. Bh4 a6 18. Rd1 b5 19. Bb3 Na5 20. Ne5 Bxe5 21. dxe5 Kh8 22. Nb6 Qc6 23. Nxa8 Qxa8 24. Qd2 Nxb3 25. axb3 Kh7 26. Qd5 Qa7 27. Qd8 f6 28. exf6 gxf6 29. Rd7+ Kg8 30. Bxf6 Bf7 31. Qe7 1-0


[Site "https://www.chess.com"]

[Event "Titled Tuesday Blitz December 06 Late 2022"]
[White "Aung Thant Zin"]
[Black "Rubio Tent, Francisco"]
[WhiteFideId "13000063"]
[BlackFideId "2238233"]
[WhiteElo "2278"]
[BlackElo "2211"]
[Result "1-0"]
[Round "03"]
[TimeControl "180+1"]
[Date "2022.12.07"]
[WhiteClock "0:01:14"]
[BlackClock "0:00:03"]

1. e4 c6 2. d4 d5 3. Nc3 dxe4 4. Nxe4 Bf5 5. Ng3 Bg6 6. h4 h6 7. Nf3 Nd7 8. Bd3 Bxd3 9. Qxd3 e6 10. Bd2 Ngf6 11. O-O-O Be7 12. Kb1 c5 13. c3 Qc7 14. Ka1 O-O-O 15. Qe2 Kb8 16. Ne4 Nxe4 17. Qxe4 Ka8 18. Be3 Bf6 19. dxc5 Nxc5 20. Bxc5 Qxc5 21. Qe2 h5 22. g3 g6 23. Rhe1 Rhe8 24. Nd2 Qb6 25. Ne4 Bg7 26. Ng5 Qc7 27. Qf3 Rxd1+ 28. Rxd1 f5 29. Qe2 e5 30. Nf3 a6 31. Ne1 Rd8 32. Nc2 e4 33. Ne3 Rd7 34. Nd5 Rxd5 35. Rxd5 1-0


[Site "https://www.chess.com"]

[Event "Titled Tuesday Blitz December 06 Late 2022"]
[White "Barria Zuniga, Daniel"]
[Black "Tymrakiewicz, Rafal"]
[WhiteFideId "3400816"]
[BlackFideId "1108832"]
[WhiteElo "2414"]
[BlackElo "2139"]
[Result "1-0"]
[Round "03"]
[TimeControl "180+1"]
[Date "2022.12.07"]
[WhiteClock "0:01:23"]
[BlackClock "0:00:07"]

1. d4 Nf6 2. c4 g6 3. Nc3 Bg7 4. e4 O-O 5. Be2 d6 6. Nf3 e5 7. d5 a5 8. Bg5 h6 9. Bh4 Qe8 10. Nd2 Na6 11. O-O Bd7 12. b3 Nh7 13. a3 f5 14. f3 Bf6 15. Bf2 Bg5 16. Rb1 Bxd2 17. Qxd2 f4 18. b4 axb4 19. axb4 g5 20. c5 Qg6 21. c6 bxc6 22. dxc6 Be6 23. Nd5 Qf7 24. b5 Nc5 25. b6 cxb6 26. Rxb6 Rac8 27. Bxc5 dxc5 28. c7 Bxd5 29. exd5 Qxc7 30. Rxh6 Rf6 31. Rxf6 Nxf6 32. d6 Qf7 33. Qc3 c4 34. Qxe5 Qa7+ 35. Kh1 Qe3 36. Qxg5+ Kf7 37. Rb1 Qxe2 38. Rb7+ Ke6 39. Re7+ Kxd6 40. Qxf6+ Kd5 41. Rxe2 1-0


[Site "https://www.chess.com"]

[Event "Titled Tuesday Blitz December 06 Late 2022"]
[White "Bas Mas, Jose Joaquin"]
[Black "Fernandez De La Vara, Arnaldo"]
[WhiteFideId "22219064"]
[BlackFideId "3518388"]
[WhiteElo "2233"]
[BlackElo "2387"]
[Result "1-0"]
[Round "03"]
[TimeControl "180+1"]
[Date "2022.12.07"]
[WhiteClock "0:01:00"]
[BlackClock "0:00:11"]

1. e4 c5 2. Nc3 Nc6 3. Bb5 Nd4 4. Nf3 g6 5. Nxd4 cxd4 6. Ne2 Bg7 7. d3 Nf6 8. O-O O-O 9. f3 d6 10. Bc4 Nd7 11. Qe1 Qc7 12. Bg5 Nc5 13. Qh4 Re8 14. Nf4 Be6 15. Nxe6 Nxe6 16. Bxe6 fxe6 17. Rf2 a5 18. Qh3 Qd7 19. Raf1 a4 20. f4 Ra5 21. b4 Rb5 22. a3 Rc8 23. Qh4 Rc7 24. g4 Rc3 25. Bh6 Bf6 26. Bg5 Kg7 27. Rf3 Rc8 28. Qh6+ Kf7 29. Qxh7+ Bg7 30. f5 gxf5 31. gxf5 e5 32. Bh6 Rg8 33. Rg3 1-0


[Site "https://www.chess.com"]

[Event "Titled Tuesday Blitz December 06 Late 2022"]
[White "Baskakov, Egor"]
[Black "Nepo"]
[WhiteFideId "24197866"]
[WhiteElo "2212"]
[BlackElo "2221"]
[Result "1-0"]
[Round "03"]
[TimeControl "180+1"]
[Date "2022.12.07"]
[WhiteClock "0:02:38"]
[BlackClock "0:02:13"]

1. e4 e5 2. Nc3 Nf6 3. g3 Nc6 4. Bg2 Bc5 5. h3 O-O 6. Nge2 d6 7. O-O Be6 8. Nd5 Ne8 9. c3 Bb6 10. d4 f5 11. Nxb6 axb6 12. d5 f4 13. gxf4 Bc8 14. dxc6 exf4 15. Qd5+ Kh8 16. Nxf4 Nf6 17. cxb7 Nxd5 18. bxa8=Q Nxf4 19. Bxf4 Rxf4 20. e5 Rf8 21. exd6 cxd6 22. Rae1 Qg5 23. Re3 1-0


[Site "https://www.chess.com"]

[Event "Titled Tuesday Blitz December 06 Late 2022"]
[White "Bazzano, Sebastian"]
[Black "Girsh, Daniel"]
[WhiteFideId "104566"]
[BlackFideId "30949190"]
[WhiteElo "2193"]
[BlackElo "2075"]
[Result "0-1"]
[Round "03"]
[TimeControl "180+1"]
[Date "2022.12.07"]
[WhiteClock "0:00:03"]
[BlackClock "0:00:49"]

1. d4 Nf6 2. Bf4 d5 3. e3 c5 4. c3 Nc6 5. Nd2 Bf5 6. Qb3 Qc8 7. Ngf3 c4 8. Qd1 e6 9. h3 h6 10. Be2 Be7 11. O-O O-O 12. Ne5 b5 13. Re1 a5 14. Bf3 Ne4 15. Nxe4 dxe4 16. Bg4 Nxe5 17. Bxe5 Rd8 18. Bxf5 exf5 19. f3 Qc6 20. fxe4 Qxe4 21. Qf3 f6 22. Bh2 b4 23. Rf1 g6 24. Qxe4 fxe4 25. g4 Ra6 26. Rf4 Re6 27. Rc1 Rc8 28. Rf2 bxc3 29. Rxc3 Bb4 30. Rc1 Kg7 31. Rfc2 c3 32. bxc3 Rec6 33. c4 Ba3 34. Rb1 Rxc4 35. Rb7+ Kg8 36. Rxc4 Rxc4 37. Ra7 Rc1+ 38. Kg2 Rc2+ 39. Kg1 Bc1 0-1


[Site "https://www.chess.com"]

[Event "Titled Tuesday Blitz December 06 Late 2022"]
[White "Bernat, David"]
[Black "Goroshkov, Maksym"]
[WhiteFideId "2099225"]
[BlackFideId "14142716"]
[WhiteElo "2346"]
[BlackElo "2258"]
[Result "0-1"]
[Round "03"]
[TimeControl "180+1"]
[Date "2022.12.07"]
[WhiteClock "0:00:42"]
[BlackClock "0:01:02"]

1. e4 e5 2. Nf3 d6 3. d4 Bg4 4. dxe5 Nd7 5. exd6 Bxd6 6. Nc3 Ngf6 7. Be2 Qe7 8. O-O O-O-O 9. Bg5 Bxf3 10. Bxf3 Qe5 11. g3 Qxg5 12. Bg2 h5 13. f4 Qa5 14. Qf3 c6 15. Rad1 Ng4 16. a3 Qc7 17. b4 a5 18. e5 axb4 19. exd6 Qb6+ 20. Kh1 bxc3 21. Rb1 Qc5 22. Rb3 Qxd6 23. Rxc3 Rhe8 24. h3 Ngf6 25. Rb1 Nc5 26. Kh2 Nfe4 27. Rc4 Nd2 0-1


[Site "https://www.chess.com"]

[Event "Titled Tuesday Blitz December 06 Late 2022"]
[White "BlackChess17"]
[Black "Rodriguez Santiago, Jaime"]
[BlackFideId "3100898"]
[WhiteElo "2813"]
[BlackElo "2025"]
[Result "1-0"]
[Round "03"]
[TimeControl "180+1"]
[Date "2022.12.06"]
[WhiteClock "0:01:09"]
[BlackClock "0:00:34"]

1. d4 Nf6 2. Nf3 e6 3. Bf4 d5 4. e3 c5 5. Nbd2 Nc6 6. Bb5 Qb6 7. c4 dxc4 8. Qa4 Bd7 9. Nxc4 Qd8 10. Nfe5 Nxe5 11. Nxe5 a6 12. Bxd7+ Nxd7 13. dxc5 Qe7 14. Rd1 Rd8 15. c6 Qb4+ 16. Qxb4 Bxb4+ 17. Ke2 Nxe5 18. c7 Rc8 19. Bxe5 Ke7 20. a3 Ba5 21. Bd6+ Kf6 22. Rc1 Rhe8 23. f4 e5 24. Bxe5+ Rxe5 25. fxe5+ Kxe5 26. Rc5+ 1-0


[Site "https://www.chess.com"]

[Event "Titled Tuesday Blitz December 06 Late 2022"]
[White "Bogaudinov, Rushan"]
[Black "Matinian, Nikita"]
[WhiteFideId "4129288"]
[BlackFideId "24129100"]
[WhiteElo "2028"]
[BlackElo "2422"]
[Result "0-1"]
[Round "03"]
[TimeControl "180+1"]
[Date "2022.12.07"]
[WhiteClock "0:01:27"]
[BlackClock "0:02:12"]

1. a3 e5 2. e3 Nc6 3. Bb5 a6 4. Bxc6 dxc6 5. d4 e4 6. c4 Qg5 7. Kf1 h5 8. Nc3 Nf6 9. b4 h4 10. h3 Rh6 11. Nge2 Bd6 12. c5 Rg6 13. Rg1 Bh2 14. Nf4 Bxg1 15. Nxg6 Qxg6 16. Kxg1 Bxh3 17. Qf1 Bg4 18. Kh2 O-O-O 19. a4 h3 20. g3 Bf3 21. Qxh3+ Bg4 22. Qh4 Qf5 23. Ra2 g5 24. Qh6 Be2 25. Qh3 Ng4+ 0-1


[Site "https://www.chess.com"]

[Event "Titled Tuesday Blitz December 06 Late 2022"]
[White "Bok, Benjamin"]
[Black "Santos Flores, Alberto"]
[WhiteFideId "1017063"]
[BlackFideId "3601234"]
[WhiteElo "2658"]
[BlackElo "2235"]
[Result "1-0"]
[Round "03"]
[TimeControl "180+1"]
[Date "2022.12.07"]
[WhiteClock "0:01:35"]
[BlackClock "0:00:28"]

1. d4 d5 2. c4 c6 3. Nf3 Nf6 4. cxd5 cxd5 5. Nc3 Nc6 6. Bf4 a6 7. Rc1 Bf5 8. e3 e6 9. Qb3 Ra7 10. Be2 Be7 11. O-O Nh5 12. Be5 f6 13. Bg3 Nxg3 14. hxg3 O-O 15. Na4 Na5 16. Qb6 Qxb6 17. Nxb6 Bd8 18. Nc8 Ra8 19. Nd6 Bg6 20. b4 Nc6 21. a3 Rb8 22. Nxb7 Rxb7 23. Rxc6 a5 24. bxa5 Bxa5 25. Rxe6 Ra7 26. Ra6 Rxa6 27. Bxa6 Bf7 28. Rc1 Ra8 29. Bb7 Ra7 30. Rc8+ Be8 31. Rxe8+ Kf7 32. Ra8 1-0


[Site "https://www.chess.com"]

[Event "Titled Tuesday Blitz December 06 Late 2022"]
[White "Boyer, Mahel"]
[Black "Eljanov, Pavel"]
[WhiteFideId "45102422"]
[BlackFideId "14102951"]
[WhiteElo "2455"]
[BlackElo "2598"]
[Result "0-1"]
[Round "03"]
[TimeControl "180+1"]
[Date "2022.12.06"]
[WhiteClock "0:00:05"]
[BlackClock "0:00:17"]

1. e4 c6 2. c4 d5 3. cxd5 cxd5 4. exd5 Nf6 5. Nc3 Nxd5 6. Nf3 Nc6 7. Bb5 g6 8. Qa4 Nb6 9. Bxc6+ bxc6 10. Qxc6+ Bd7 11. Qe4 Bg7 12. O-O Rc8 13. d4 Bc6 14. d5 Bxd5 15. Nxd5 Qxd5 16. Qh4 Rc4 17. Qh3 Qf5 18. Qxf5 gxf5 19. Be3 Bxb2 20. Rab1 Bf6 21. Rb5 f4 22. Bxb6 axb6 23. Rxb6 O-O 24. Ra6 Rb8 25. Nd2 Rc2 26. Nb3 e6 27. Ra4 Be5 28. Re1 Rb5 29. g3 Rd5 30. gxf4 Bc7 31. Rd4 Rxd4 32. Nxd4 Rxa2 33. f5 Bb6 34. fxe6 fxe6 35. Re4 Ra4 36. Rxe6 Bxd4 37. Kg2 Ra2 38. Re4 Rxf2+ 39. Kg3 Rd2 40. Rg4+ Kf7 41. Rf4+ Bf6 42. Rf3 Kg6 43. h3 h5 44. Kf4 Rd4+ 45. Ke3 Ra4 46. Kf2 Bh4+ 47. Kg2 Ra2+ 48. Kg1 Bf6 49. Kh1 Be5 50. Kg1 Kg5 51. Kf1 h4 52. Kg1 Bg3 53. Kf1 Rh2 54. Kg1 Rxh3 55. Rb3 Rh2 56. Rb5+ Kg4 57. Rb4+ Kh3 58. Rb3 Rg2+ 59. Kh1 Rh2+ 60. Kg1 Rc2 61. Rf3 Rc1+ 62. Rf1 Bh2+ 63. Kf2 Rxf1+ 64. Kxf1 Kg3 65. Ke1 Kg2 66. Ke2 h3 67. Ke1 Bg1 68. Ke2 h2 0-1


[Site "https://www.chess.com"]

[Event "Titled Tuesday Blitz December 06 Late 2022"]
[White "Bryant, Todd"]
[Black "Castellanos Gomez, Alejandro"]
[WhiteFideId "2031299"]
[BlackFideId "22284141"]
[WhiteElo "2314"]
[BlackElo "2168"]
[Result "1-0"]
[Round "03"]
[TimeControl "180+1"]
[Date "2022.12.07"]
[WhiteClock "0:00:14"]
[BlackClock "0:00:04"]

1. e4 d5 2. exd5 Qxd5 3. Nc3 Qd6 4. d4 Nf6 5. Nf3 Nc6 6. d5 Ne5 7. Nb5 Nxf3+ 8. Qxf3 Qd8 9. Bf4 Bg4 10. Qb3 Rc8 11. Nxa7 Nxd5 12. Nxc8 Nxf4 13. Qa4+ Bd7 14. Qxf4 Qxc8 15. O-O-O e6 16. Qg5 h6 17. Qg3 Bc6 18. Be2 Bd6 19. Qxg7 Ke7 20. Bf3 Bxf3 21. gxf3 Qa8 22. Kb1 Bf4 23. Qd4 Bd6 24. c4 b6 25. Qe4 Rg8 26. Qxa8 Rxa8 27. Rhe1 Ra5 28. Re4 Rf5 29. Rd3 h5 30. h4 Bf4 31. a3 Bd6 32. b4 Kf6 33. Kc2 Ke7 34. Kd1 Rf6 35. Ke2 Rg6 36. Red4 f5 37. b5 e5 38. Rd5 Ke6 39. a4 Rg8 40. a5 bxa5 41. c5 Be7 42. b6 cxb6 43. cxb6 Rb8 44. Rb3 Bb4 45. Rb5 Kd6 46. Kd3 Rb7 47. Kc4 Re7 48. R3xb4 axb4 49. Kxb4 Kc6 50. b7 Rxb7 51. Rxb7 Kxb7 52. Kc5 e4 53. fxe4 fxe4 54. Kd4 Kc6 55. Kxe4 Kd6 56. Kf5 Ke7 57. Kg5 Ke6 58. Kxh5 Kf5 59. Kh6 Kf6 60. h5 Kf7 61. Kg5 Kg7 62. Kf5 Kh6 63. Kf6 Kxh5 64. f4 Kh6 65. f5 Kh7 66. Kf7 Kh8 67. f6 Kh7 68. Ke7 1-0


[Site "https://www.chess.com"]